 Dungeon Crawl Stone Soup version 0.26-a0-613-g4f23886233 (webtiles) character file.

Game seed: 17497502184219936655

1421 Descartes the Covered (level 8, 0/67 HPs)
             Began as a Naga Warper on Sept 11, 2020.
             Was an Elder of Cheibriados.
             Slain by a centaur (8 damage)
             ... on level 6 of the Dungeon.
             The game lasted 00:18:05 (8287 turns).

Descartes the Covered (Naga Warper)                 Turns: 8287, Time: 00:18:06

Health: 0/67       AC:  7    Str: 23    XL:     8   Next: 72%
Magic:  13/13      EV:  9    Int: 24    God:    Cheibriados [****..]
Gold:   248        SH:  7    Dex: 23    Spells: 5/14 levels left

rFire    . . .     SeeInvis +   a - +0 scimitar (vorpal)
rCold    . . .     Faith    .   i - +1 buckler
rNeg     . . .     Spirit   .   K - +0 ring mail
rPois    +         Reflect  .   h - +0 helmet
rElec    .         Harm     .   F - scarf {+Inv}
rCorr    .                      (no gloves)
MR       +....                  (no barding)
Stlth    +.........             (no amulet)
HPRegen  0.21/turn              (no ring)
MPRegen  0.13/turn              (no ring)

@: very slow
A: large, see invisible, deformed body, poison resistance, slowness 2, spit
poison 1, AC +2
a: Spit Poison, Bend Time, Temporal Distortion, Slouch, Renounce Religion, Evoke
Invisibility


You were on level 6 of the Dungeon.
You worshipped Cheibriados.
Cheibriados was greatly pleased with you.
You visited 2 branches of the dungeon, and saw 7 of its levels.

You collected 248 gold pieces.

Inventory:

Hand Weapons
 a - a +0 vorpal scimitar (weapon)
 b - a +1 hunting sling of flaming
 o - a +2 vorpal hunting sling
 O - a +0 shortbow
Missiles
 c - 243 stones
 e - 4 boomerangs of dispersal (quivered)
 p - 64 sling bullets
 q - 138 arrows
 s - 77 poisoned darts
 v - 6 silver boomerangs
 y - 4 curare-tipped darts
 z - 48 bolts
 J - 3 javelins
 N - 2 throwing nets
Armour
 h - a +0 helmet (worn)
 i - a +1 buckler (worn)
 F - a scarf of invisibility (worn)
 K - a +0 ring mail (worn)
Wands
 A - a wand of digging (5)
 B - a wand of polymorph (9)
 G - a wand of flame (12)
Scrolls
 d - 2 scrolls of blinking
 g - a scroll of immolation
 l - 8 scrolls of identify
 m - a scroll of magic mapping {unknown}
 n - 4 scrolls of remove curse
 D - 2 scrolls of random uselessness {unknown}
 E - 2 scrolls of fog {unknown}
 I - a scroll of fear {unknown}
 M - 2 scrolls of teleportation
Potions
 f - a potion of haste
 j - 3 potions of lignification
 k - 2 potions of degeneration
 r - a potion of stabbing
 t - a potion of mutation {unknown}
 u - a potion of ambrosia {unknown}
 w - 2 potions of curing {unknown}
 x - a potion of flight {unknown}
 H - a potion of might {unknown}
 L - a potion of resistance {unknown}


   Skills:
 - Level 2.0 Fighting
 + Level 2.2 Long Blades
 + Level 3.1(3.2) Slings
 - Level 0.8(2.1) Throwing
 - Level 5.0 Armour
 - Level 1.5 Dodging
 + Level 2.5 Shields
 + Level 3.9 Spellcasting
 + Level 4.3 Translocations
 + Level 3.2 Invocations
 + Level 2.9 Evocations


You had 5 spell levels left.
You knew the following spells:

 Your Spells              Type           Power        Failure   Level
a - Blink                 Tloc           N/A          3%          2
b - Teleport Other        Tloc           ####....     8%          3
c - Passage of Golubria   Tloc           N/A          24%         4

Your spell library contained the following spells:

 Spells                   Type           Power        Failure   Level
 Gell's Gravitas          Tloc           ####......   8%          3
 Lesser Beckoning         Tloc           ####......   8%          3


Dungeon Overview and Level Annotations

Branches:
Dungeon (6/15)             Temple (1/1) D:5

Altars:
Ashenzari
Cheibriados
Dithmenos
Fedhas
Gozag
Hepliaklqana
Kikubaaqudgha
Makhleb
Qazlal
Sif Muna
Uskayaw
Vehumet
Wu Jian
Yredelemnul
Zin
The Shining One


Innate Abilities, Weirdness & Mutations

You cannot wear boots.
Your serpentine skin is tough. (AC +2)
You have supernaturally acute eyesight. (SInv)
Armour fits poorly on your strangely shaped body.
Your system is resistant to poisons. (rPois)
You cover ground very slowly.
You can spit poison.


Message History

* * * LOW HITPOINT WARNING * * *
You block the bullfrog skeleton's attack.
The bullfrog zombie barely misses you.
A bullfrog comes into view.
The bullfrog skeleton closely misses you.
You riposte.
You hit the bullfrog skeleton.
The bullfrog skeleton is severely damaged.
You block the adder skeleton's attack. The bullfrog skeleton hits you.
* * * LOW HITPOINT WARNING * * *
An iguana comes into view.
The adder skeleton barely misses you.
The centaur shoots an arrow.
The arrow hits you!
* * * LOW HITPOINT WARNING * * *
The centaur shoots an arrow.
You block the arrow.
You see here 2 arrows.
The worker ant bites you but does no damage.
The worker ant completely misses you.
You hit the centaur but do no damage.
The centaur unwields a +0 shortbow.
The centaur hits you!
You die...

....... .###......
...(.....#
.........####
#....(((....#
#.....(Z#...#
#......F#... .....
......Z.#..# ......
........##@##......
......†Z.ac.#....
...#####ZF..#.... ..
#......# #
#...#..####### ####
+.......l....#+#....
#####...............
#................
#.#..............


You could see a bullfrog, a centaur, a worker ant, a bullfrog zombie and an
adder skeleton.

Vanquished Creatures
  Eustachio (D:5)
  Edmund (D:5)
  2 phantoms (D:4)
  An ogre (D:4)
  2 centaurs (D:5)
  A bullfrog (D:6)
  A water moccasin zombie (D:6)
  A scorpion (D:4)
  A howler monkey (D:6)
  2 centaur skeletons
  A hound (D:6)
  An orc priest (D:3)
  A bullfrog skeleton (D:4)
  Jessica (D:3)
  2 orc wizards (D:4)
  3 worker ants
  A hound zombie (D:6)
  Robin (D:3)
  4 adders
  2 shadow imps (D:5)
  6 oozes
  2 adder skeletons
  2 worms
  3 dart slugs
  10 leopard geckos
  15 orcs
  A ball python (D:1)
  9 bats
  8 giant cockroaches
  15 goblins
  7 hobgoblins
  6 jackals
  8 kobolds
  4 quokkas
  4 frilled lizards
  A jackal skeleton (D:5)
  10 rats
141 creatures vanquished.

Vanquished Creatures (others)
  9 fungi (D:4)
9 creatures vanquished.

Grand Total: 150 creatures vanquished

Notes
Turn   | Place    | Note
-------+----------+-------------------------------------------
     0 | D:1      | Descartes the Naga Warper began the quest for the Orb.
     0 | D:1      | Reached XP level 1. HP: 19/19 MP: 3/3
    80 | D:1      | Reached skill level 1 in Armour
   192 | D:1      | Reached XP level 2. HP: 26/26 MP: 5/5
   573 | D:1      | Reached skill level 2 in Armour
   783 | D:1      | Reached XP level 3. HP: 22/32 MP: 6/6
  1358 | D:2      | Found a snail-covered altar of Cheibriados.
  1368 | D:2      | Became a worshipper of Cheibriados the Contemplative
  2161 | D:2      | Reached skill level 3 in Armour
  2219 | D:2      | Reached XP level 4. HP: 39/39 MP: 7/7
  2241 | D:2      | Reached * piety under Cheibriados
  3134 | D:3      | Reached ** piety under Cheibriados
  3453 | D:3      | Reached XP level 5. HP: 45/45 MP: 8/8
  3515 | D:3      | Reached skill level 4 in Armour
  3963 | D:3      | Reached *** piety under Cheibriados
  4065 | D:3      | Noticed Robin
  4076 | D:3      | Killed Robin
  4100 | D:3      | Noticed Jessica
  4111 | D:3      | Killed Jessica
  4111 | D:3      | Reached XP level 6. HP: 8/52 MP: 9/9
  4567 | D:3      | Reached skill level 1 in Slings
  4937 | D:3      | Reached **** piety under Cheibriados
  5207 | D:3      | Learned a level 2 spell: Blink
  5211 | D:3      | Learned a level 3 spell: Teleport Other
  5216 | D:3      | Learned a level 4 spell: Passage of Golubria
  5630 | D:4      | Noticed a phantom
  5648 | D:4      | Killed a phantom
  5648 | D:4      | Reached skill level 1 in Invocations
  5648 | D:4      | Reached skill level 1 in Evocations
  5648 | D:4      | Reached XP level 7. HP: 42/60 MP: 9/11
  5868 | D:4      | Reached skill level 1 in Shields
  6253 | D:4      | Reached skill level 5 in Armour
  6657 | D:5      | Entered Level 5 of the Dungeon
  6936 | D:5      | Found a staircase to the Ecumenical Temple.
  6953 | Temple   | Entered the Ecumenical Temple
  7174 | D:5      | Noticed Edmund
  7207 | D:5      | HP: 1/60 [Edmund/+2 dire flail of holy wrath (9)]
  7210 | D:5      | Killed Edmund
  7210 | D:5      | Reached XP level 8. HP: 28/67 MP: 2/13
  7866 | D:5      | Noticed Eustachio
  7908 | D:5      | Killed Eustachio
  8287 | D:6      | Slain by a centaur

Illustrated notes

Levels and vault maps discovered:
D:1:      minmay_arrival_shattered_statue, layout_basic
D:2:      layout_basic, kennysheep_slug_shrine, serial_curves, eino_curves_03,
          eino_curves_02, eino_curves_03, eino_curves_04,
          chequers_serial_rivers_room_a
D:3:      layout_loops_ring, gup_sewer_entry_pipe, minmay_between, uniq_robin,
          uniq_jessica
D:4:      layout_loops_ring, serial_aquarium, aquarium_bridge_long_joined
          [aquarium_subvault_balcony, aquarium_subvault_window,
          aquarium_subvault_window, aquarium_subvault_wall,
          aquarium_subvault_bridge, aquarium_subvault_wall],
          aquarium_window_fake, aquarium_window_1, aquarium_window_fake,
          aquarium_window_corner, aquarium_view_4
D:5:      layout_basic, minmay_temple_entry_trees, uniq_eustachio, uniq_edmund
D:6:      layout_basic, minitemple, grunt_dithmenos_smoke
Temple:   regret_index_temple_generic_petals

Skill      XL: |  1  2  3  4  5  6  7  8 |
---------------+-------------------------+-----
Armour         | 1 2 3 4 5 |  5.0
Slings         | 1 2 3 |  3.1
Invocations    | 1 2 3 |  3.2
Evocations     | 1 2 |  2.9
Shields        | 1 2 |  2.5
Spellcasting   | 3 |  3.9
Translocations | 4 |  4.3
Fighting       | |  2.0
Long Blades    | |  2.2
Throwing       | |  0.8
Dodging        | |  1.5

Action                   |  1- 3 |  4- 6 |  7- 9 || total
-------------------------+-------+-------+-------++-------
Melee: Falchion          |   110 |   234 |    41 ||   385
       Scimitar          |       |       |    60 ||    60
 Fire: Hunting sling     |       |    68 |    98 ||   166
Throw: Boomerang         |     1 |       |       ||     1
 Cast: Blink             |       |       |     6 ||     6
 Abil: Spit Poison       |       |     3 |     3 ||     6
  Use: Scroll            |       |     9 |       ||     9
       Potion            |       |       |     1 ||     1
 Stab: Sleeping          |       |     1 |     2 ||     3
Armor: Leather armour    |    39 |    86 |     7 ||   132
       Ring mail         |       |       |    53 ||    53
Dodge: Dodged            |    72 |   158 |    93 ||   323
Block: Buckler           |    11 |    59 |    58 ||   128
       Rpst.: Falchion   |    20 |    48 |     5 ||    73
       Scimitar          |       |       |    14 ||    14

Table legend: (Time is in decaauts)
 A = Elapsed time spent in this place.
 B = Non-inter-level travel time spent in this place.
 C = Inter-level travel time spent in this place.
 D = Time resting spent in this place.
 E = Time spent auto-exploring this place.
 F = Levels seen in this place.
 G = Mean time per level.
                   A        B        C        D        E       F      G
               +--------+--------+--------+--------+--------+-----+--------+
         Total |  12490 |  12019 |    471 |    105 |   9751 |   7 | 1784.3 |
       Dungeon |  11993 |  11575 |    418 |    105 |   9309 |   6 | 1998.8 |
        Temple |    497 |    444 |     53 |      0 |    442 |   1 |  497.0 |
               +--------+--------+--------+--------+--------+-----+--------+

Top non-repeatable levels by time:
     D:3: 3503 daAuts
     D:2: 2924 daAuts
     D:4: 2044 daAuts
     D:5: 1994 daAuts
     D:1: 1374 daAuts
  Temple: 497 daAuts
     D:6: 153 daAuts
